 Dungeon Crawl Stone Soup version 0.22.1-5-g62c59d9 (webtiles) character file.

58 Kairos the Skirmisher (level 4, 24/24 HPs)
             Began as a Vine Stalker Fighter on Jan 9, 2019.
             Quit the game on level 2 of the Dungeon.
             The game lasted 00:03:45 (1576 turns).

Kairos the Skirmisher (Vine Stalker Fighter)        Turns: 1576, Time: 00:03:47

Health: 24/24      AC:  7    Str: 19    XL:     4   Next: 2%
Magic:  5/5        EV:  7    Int:  8    God:
Gold:   100        SH:  9    Dex: 14    Spells: 3/3 levels left

rFire    . . .     SeeInvis .   a - +0 war axe
rCold    . . .     Gourm    .   c - +0 shield
rNeg     . . .     Faith    .   b - +1 scale mail
rPois    .         Spirit   +   (no helmet)
rElec    .         Reflect  .   (no cloak)
rCorr    .         Harm     .   (no gloves)
MR       .....                  (no boots)
Stlth    ..........             (no amulet)
HPRegen  0.48/turn              (no ring)
MPRegen  0.09/turn              (no ring)

@: flying, very slightly contaminated, invisible
A: fangs 2, regeneration 1, magic shield, antimagic bite, no potion heal 3, rot
immunity
a: no special abilities


You were on level 2 of the Dungeon.
You were not hungry.

You visited 1 branch of the dungeon, and saw 2 of its levels.

You collected 100 gold pieces.

Inventory:

Hand Weapons
 a - a +0 war axe (weapon)
Armour
 b - a +1 scale mail (worn)
 c - a +0 shield (worn)
Scrolls
 e - a scroll of magic mapping
 j - a scroll of amnesia
 k - a scroll of fog
 p - a scroll of fear {unknown}
 q - a scroll of noise {unknown}
Potions
 d - a potion of might
 g - 2 potions of haste
 h - a potion of cancellation
Comestibles
 f - 6 rations


   Skills:
 + Level 3.0 Fighting
 + Level 2.7 Axes
 + Level 2.9 Armour
 + Level 2.9 Shields


You had 3 spell levels left.
You didn't know any spells.
Your spell library was empty.

Dungeon Overview and Level Annotations

Branches:
Dungeon (2/15)

Altars:
Fedhas


Innate Abilities, Weirdness & Mutations

You have extremely sharp teeth.
Your natural rate of healing is unusually fast.
When hurt, damage is shared between your health and your magic reserves.
Your bite disrupts and absorbs the magic of your enemies.
Potions cannot restore your health.
You are immune to rotting.


Message History

g - 2 potions of haste
As you read the scroll of identify, it crumbles to dust.
e - a scroll of magic mapping
As you read the scroll of identify, it crumbles to dust.
h - a potion of cancellation
Okay, then.
It was a potion of heal wounds.
That seemed strangely inert.
It was a potion of flight.
You feel very buoyant.
You fly up into the air.
It was a potion of invisibility.
You fade into invisibility!
You are very lightly contaminated with residual magic.
It was a potion of curing.
That felt strangely inert.
Done exploring.
Unknown command.
Done exploring.
Done exploring.
Done exploring.
Are you sure you want to abandon this character and quit the game? (Confirm

................######..#.######.
####............'......).........
#............############.####
#.......########## #..# #.#'#####
#.....# ##.## #.#.########.....#
#..# #.#........'..#### ##.#
#.##########..# #.# #.# ##@# #.#
#.# #.##..... #.# #.# #.#_.....
#.# #.# ####..... ###
####.##############8...8 ##
.............รท...# ##8##
####.############# ## .....#
######


There were no monsters in sight!

Vanquished Creatures
  2 adders (D:2)
  An ooze (D:1)
  A worm (D:2)
  A dart slug (D:1)
  A leopard gecko (D:1)
  5 goblins
  4 hobgoblins (D:1)
  5 bats
  3 frilled lizards (D:1)
  5 kobolds
  8 rats
36 creatures vanquished.

Notes
Turn   | Place    | Note
-------+----------+-------------------------------------------
     0 | D:1      | Kairos the Vine Stalker Fighter began the quest for the
                  | Orb.
     0 | D:1      | Reached XP level 1. HP: 11/11 MP: 2/2
   329 | D:1      | Reached XP level 2. HP: 16/16 MP: 3/3
   731 | D:1      | Reached XP level 3. HP: 19/19 MP: 4/4
  1012 | D:2      | Reached skill level 3 in Fighting
  1403 | D:2      | Gained mutation: Your natural rate of healing is unusually
                  | fast. [Vine Stalker growth]
  1403 | D:2      | Reached XP level 4. HP: 19/24 MP: 5/5
  1563 | D:2      | Found a blossoming altar of Fedhas.
  1576 | D:2      | Quit the game

Skill      XL: |  1  2  3 |
---------------+----------+-----
Axes           | 2 |  2.7
Fighting       | 3 |  3.0
Armour         | |  2.9
Shields        | |  2.9

Action                   |  1- 3 |  4- 6 || total
-------------------------+-------+-------++-------
Melee: War axe           |    96 |     3 ||    99
       Bite              |    17 |     1 ||    18
  Use: Scroll            |     4 |     3 ||     7
       Potion            |       |     4 ||     4
  Eat: Chunk             |       |     2 ||     2
Armor: Scale mail        |    42 |     1 ||    43
Dodge: Dodged            |    33 |     1 ||    34
Block: Shield            |    41 |     1 ||    42
